 Dungeon Crawl Stone Soup version 0.20.1-1-g8b1a95d (webtiles) character file.

3717 Ang168 the Blocker (level 10, 0/60 HPs)
             Began as a Gargoyle Fighter on July 7, 2017.
             Slain by an orc warrior
             ... wielding a +0 glaive
              (14 damage)
             ... on level 8 of the Dungeon.
             The game lasted 00:20:07 (6577 turns).

Ang168 the Blocker (Gargoyle Fighter)               Turns: 6577, Time: 00:20:09

Health: 0/60       AC: 19    Str: 23    XL:     10   Next: 14%
Magic:  10/10      EV: 11    Int:  8    God:
Gold:   242        SH: 12    Dex: 14    Spells: 9/9 levels left

rFire    . . .     SeeInvis .   s - +11 falchion of Ash {pain, +Rage Dex+4}
rCold    . . .     Gourm    .   c - +0 shield
rNeg     + . .     Faith    .   K - -1 chain mail (curse)
rPois    ∞         Spirit   .   (no helmet)
rElec    +         Reflect  .   (no cloak)
rCorr    .         Harm     .   f - +2 pair of gloves
MR       .....                  (no boots)
Stlth    ..........             L - amulet of rage
Regen    0.2/turn               l - ring of poison resistance
MPRegen  0.2/turn               o - +3 ring of evasion

@: no status effects
A: negative energy resistance 1, electricity resistance, unbreathing,
petrification resistance, rot immunity, AC +7
a: Evoke Berserk Rage


You were on level 8 of the Dungeon.
You were not hungry.

You visited 1 branch of the dungeon, and saw 8 of its levels.

You collected 242 gold pieces.

Inventory:

Hand Weapons
 a - a +1 flail
 s - the +11 falchion of Ash (weapon) {pain, +Rage Dex+4}
   (You found it on level 4 of the Dungeon)

   In the hands of one skilled in necromantic magic, it inflicts extra damage on
   living creatures.
   It affects your dexterity (+4).
   It lets you go berserk.
 H - a +0 shortbow
 O - a +3 flail
Missiles
 I - 67 arrows
Armour
 c - a +0 shield (worn)
 f - a +2 pair of gloves (worn)
 G - a +0 plate armour
 K - a cursed -1 chain mail (worn)
Jewellery
 l - a ring of poison resistance (left hand)
 o - a +3 ring of evasion (right hand)
 L - an amulet of rage (around neck)
Wands
 z - a wand of polymorph (19/24)
 C - a wand of polymorph (17/24)
Scrolls
 i - a scroll of fear
 m - 4 scrolls of noise
 n - 2 scrolls of immolation
 u - 2 scrolls of fog
 E - a scroll of amnesia
 M - a scroll of identify
Potions
 d - a potion of might
 e - 2 potions of degeneration
 h - 2 potions of mutation {unknown}
 j - 2 potions of cancellation
 k - 2 potions of magic {unknown}
 p - a potion of lignification {unknown}
 r - a potion of curing
 t - 2 potions of brilliance
 x - a potion of heal wounds
 A - 2 potions of haste {unknown}
 D - 3 potions of berserk rage
 J - a potion of flight
 N - 2 potions of agility {unknown}
Comestibles
 q - 3 meat rations
 v - 10 royal jellies
 w - 5 fruits
 B - 2 bread rations


   Skills:
 + Level 5.9 Fighting
 + Level 6.8 Long Blades
 + Level 5.6 Maces & Flails
 + Level 7.3 Armour
 + Level 2.6 Dodging
 + Level 0.2 Stealth
 + Level 8.4 Shields


You had 9 spell levels left.
You didn't know any spells.

Dungeon Overview and Level Annotations

Branches:
Dungeon (8/15)             Temple (0/1) D:4            Lair (0/6) D:8

Altars:
Qazlal


Innate Abilities, Weirdness & Mutations

You are resistant to torment.
Your stone body is resilient. (AC +7)
You are immune to poison.
You resist negative energy. (rN+)
You are resistant to electric shocks. (rElec)
You can survive without breathing.
You are immune to petrification.
You are immune to rotting.


Message History

You hit the orc warrior.
The orc warrior is heavily wounded.
You block the orc warrior's attack.
You hit the orc warrior.
The orc warrior is heavily wounded.
The orc warrior hits you with a glaive.
You hit the orc warrior but do no damage.
The orc warrior is heavily wounded.
You hit the orc warrior.
The orc warrior is severely wounded.
You block the orc warrior's attack. The orc wizard casts a spell at you.
You easily resist.
You hit the orc warrior but do no damage.
The orc warrior is severely wounded.
The orc wizard points at you and mumbles some strange words.
The magic dart hits you!
* * * LOW HITPOINT WARNING * * *
The orc warrior hits you with a glaive!
You die...

############
#..........#
#..........#
#..........#
#..........#
#..........#
#..........#
.......)o@.#
.....≈≈.≈o.#
....≈≈≈§§≈.# #.
##.≈≈§..≈≈.# ...
#..≈≈≈>.≈..# #..
#.§≈≈.≈≈≈≈.## #...
#.§§§§≈≈§...#
....####..§§≈≈.§...#
.....##..§........#


You could see an orc warrior and an orc wizard.

Vanquished Creatures
  The ghost of Ladykiller69 the Stinger, a novice DEWz (D:5)
  Grinder (D:6)
  A hippogriff (D:7)
  The ghost of Ladykiller69 the Grave Robber, an amateur DENe (D:3)
  A hell hound (D:8)
  An ice beast (D:7)
  A sky beast (D:7)
  A black bear (D:6)
  A necrophage (D:7)
  An orc warrior (D:6)
  A phantom (D:5)
  2 ogres
  3 centaurs
  A crocodile (D:7)
  2 big kobolds (D:8)
  3 bullfrogs
  A wyvern zombie (D:6)
  2 scorpions (D:8)
  7 wights
  A howler monkey (D:6)
  An orc priest (D:7)
  3 jellies (D:8)
  2 bullfrog skeletons
  A hound (D:5)
  4 orc wizards
  A centaur skeleton (D:4)
  Jessica (D:3)
  Natasha (thrice) (D:3)
  Terence (D:3)
  2 worker ants
  A hound skeleton (D:6)
  A howler monkey zombie (D:6)
  A worker ant zombie (D:5)
  9 adders
  16 gnolls
  6 oozes
  2 adder skeletons
  3 worms
  2 dart slugs
  5 leopard geckos
  17 orcs
  4 giant cockroaches
  4 goblins
  4 hobgoblins
  10 jackals
  14 kobolds
  3 quokkas
  A ball python (D:3)
  10 bats
  3 frilled lizards
  A quokka skeleton (D:4)
  5 rats
174 creatures vanquished.

Vanquished Creatures (others)
  A kobold (D:2)
1 creature vanquished.

Grand Total: 175 creatures vanquished

Notes
Turn   | Place    | Note
-------+----------+-------------------------------------------
     0 | D:1      | Ang168 the Gargoyle Fighter began the quest for the Orb.
     0 | D:1      | Reached XP level 1. HP: 14/14 MP: 1/1
   282 | D:1      | Reached XP level 2. HP: 19/19 MP: 2/2
   896 | D:1      | Reached XP level 3. HP: 22/24 MP: 3/3
  1169 | D:2      | Reached XP level 4. HP: 28/29 MP: 4/4
  1430 | D:2      | Found a stormy altar of Qazlal.
  1477 | D:2      | Reached XP level 5. HP: 33/33 MP: 5/5
  1587 | D:2      | Reached skill level 4 in Shields
  1599 | D:2      | Reached skill level 1 in Dodging
  1980 | D:3      | Noticed Natasha
  1986 | D:3      | Killed Natasha
  1986 | D:3      | Reached XP level 6. HP: 38/38 MP: 6/6
  1996 | D:3      | Noticed Terence
  2001 | D:3      | Killed Terence
  2037 | D:3      | Noticed Ladykiller69's ghost (amateur DENe)
  2054 | D:3      | Killed Ladykiller69's ghost
  2054 | D:3      | Reached skill level 5 in Shields
  2102 | D:3      | Noticed Natasha
  2116 | D:3      | Killed Natasha
  2116 | D:3      | Reached XP level 7. HP: 17/43 MP: 7/7
  2389 | D:3      | Noticed Jessica
  2408 | D:3      | Killed Jessica
  2435 | D:3      | Noticed Natasha
  2439 | D:3      | Killed Natasha
  2439 | D:3      | Reached skill level 5 in Maces & Flails
  2651 | D:4      | Got a jewelled falchion
  2652 | D:4      | Identified the +11 falchion of Ash {pain, +Rage Dex+4} (You found it on level 4 of the Dungeon)
  2697 | D:4      | Found a staircase to the Ecumenical Temple.
  3121 | D:5      | Entered Level 5 of the Dungeon
  3250 | D:5      | Noticed Ladykiller69's ghost (novice DEWz)
  3272 | D:5      | Killed Ladykiller69's ghost
  3272 | D:5      | Reached skill level 1 in Long Blades
  3272 | D:5      | Reached skill level 5 in Armour
  3272 | D:5      | Reached XP level 8. HP: 37/48 MP: 8/8
  3439 | D:5      | Reached skill level 6 in Shields
  3903 | D:6      | Noticed Grinder
  3907 | D:6      | Paralysed by Grinder for 7 turns
  3918 | D:6      | Killed Grinder
  4226 | D:6      | Reached skill level 7 in Shields
  4226 | D:6      | Reached XP level 9. HP: 13/53 MP: 9/9
  4504 | D:6      | Reached skill level 5 in Fighting
  4864 | D:7      | Reached skill level 5 in Long Blades
  5409 | D:7      | Reached skill level 8 in Shields
  6018 | D:8      | Reached XP level 10. HP: 33/60 MP: 10/10
  6519 | D:8      | Found a staircase to the Lair.
  6577 | D:8      | Slain by an orc warrior

Skill      XL: |  1  2  3  4  5  6  7  8  9 |
---------------+----------------------------+-----
Maces & Flails | 3 4 5 |  5.6
Armour         | 4 5 7 |  7.3
Shields        | 4 5 7 8 |  8.4
Dodging        | 1 2 |  2.6
Fighting       | 4 5 |  5.9
Long Blades    | 1 4 6 |  6.8
Stealth        | |  0.2

Action                   |  1- 3 |  4- 6 |  7- 9 | 10-12 || total
-------------------------+-------+-------+-------+-------++-------
Melee: Flail             |   126 |   160 |    31 |       ||   317
       Falchion          |       |       |   275 |    40 ||   315
  Use: Scroll            |     3 |     4 |     9 |     1 ||    17
       Potion            |     3 |       |     3 |       ||     6
  Eat: Bread ration      |       |     1 |       |       ||     1
       Meat ration       |       |       |     2 |       ||     2
       Fruit             |       |       |     2 |       ||     2
       Chunk             |       |       |     1 |       ||     1
       Royal jelly       |       |       |       |     1 ||     1
Armor: Chain mail        |   124 |   156 |   185 |    26 ||   491
       Plate armour      |       |       |    20 |       ||    20
Dodge: Dodged            |    46 |    64 |   148 |    28 ||   286
Block: Shield            |    99 |   138 |   257 |    43 ||   537
       Rpst.: Falchion   |       |       |    30 |     6 ||    36
